[Event "Titled Tuesday Blitz February 07 Late 2023"]
[White "Rosenberg, Evan S"]
[Black "Trost, Edvin"]
[WhiteFideId "2019299"]
[BlackFideId "1729519"]
[WhiteElo "1956"]
[BlackElo "2399"]
[Result "0-1"]
[Round "02"]
[TimeControl "180+2"]
[Date "2023.02.07"]
[WhiteClock "0:00:09"]
[BlackClock "0:02:08"]

1. d4 c5 2. d5 d6 3. e4 Na6 4. Nc3 Nc7 5. h3 g6 6. Nf3 Bg7 7. Nd2 Nf6 8. a4 O-O 9. Nc4 Rb8 10. Be2 b6 11. O-O a6 12. Bf4 b5 13. axb5 axb5 14. Na5 Bd7 15. e5 dxe5 16. Bxe5 b4 17. Bxf6 Bxf6 18. Ne4 Bxb2 19. Rb1 Bd4 20. c3 bxc3 21. Rxb8 Qxb8 22. Nc6 Bxc6 23. dxc6 Qb6 24. Qa4 Ra8 25. Qc4 Qxc6 26. Nxc3 Qe6 27. Qxe6 Nxe6 28. Nd5 Kf8 29. Bg4 Ng7 30. Re1 e6 31. Ne3 Bxe3 32. Rxe3 Rc8 33. Rc3 Rc7 34. f4 Ne8 35. Kf2 Nf6 36. Bf3 Nd5 37. Rc4 Nb6 38. Rc3 c4 39. Ke3 Na4 40. Rc2 c3 41. Kd4 Ke7 42. g4 Kd6 43. h4 f6 44. h5 e5+ 45. fxe5+ fxe5+ 46. Kd3 g5 47. Be4 Nc5+ 48. Ke3 Nxe4 49. Kxe4 Ke6 50. Kd3 Kd5 51. Rxc3 Rxc3+ 52. Kxc3 Ke4 53. Kc4 Kf4 54. Kd5 e4 55. Kd4 e3 56. Kd3 Kxg4 57. Kxe3 Kxh5 58. Kf3 Kg6 59. Kg4 h5+ 60. Kg3 h4+ 61. Kg4 Kh6 62. Kh3 Kh5 63. Kh2 g4 64. Kg2 h3+ 65. Kg3 Kg5 66. Kf2 Kh4 67. Kf1 g3 68. Kg1 h2+ 69. Kg2 Kg4 70. Kh1 Kf4 71. Kg2 h1=Q+ 72. Kxh1 Kf3 73. Kg1 g2 74. Kh2 Kf2 75. Kh3 g1=Q 76. Kh4 Qg6 77. Kh3 Qg3# 0-1


[Site "https://www.chess.com"]

[Event "Titled Tuesday Blitz February 07 Late 2023"]
[White "Salimova, Nurgyul"]
[Black "Semenenko, Dmytry"]
[WhiteFideId "2915138"]
[BlackFideId "14118645"]
[WhiteElo "2391"]
[BlackElo "2113"]
[Result "1-0"]
[Round "02"]
[TimeControl "180+2"]
[Date "2023.02.07"]
[WhiteClock "0:00:19"]
[BlackClock "0:00:37"]

1. d4 d5 2. Nf3 Nf6 3. c4 c6 4. Nc3 dxc4 5. e4 b5 6. e5 Nd5 7. a4 b4 8. Ne4 e6 9. Bxc4 Be7 10. O-O O-O 11. Bg5 Ba6 12. Qc2 Bxc4 13. Qxc4 Bxg5 14. Nfxg5 Nd7 15. h4 h6 16. Nf3 N7b6 17. Qxc6 Rc8 18. Qb5 Nc4 19. b3 Na3 20. Qd3 Nf4 21. Qd2 Nd5 22. Nc5 Nc3 23. Qb2 Qd5 24. Rxa3 bxa3 25. Qxc3 f6 26. exf6 Rxf6 27. Ra1 Rcf8 28. Qc4 Qh5 29. Nxe6 R8f7 30. Nd8 Kh7 31. Nxf7 Rxf7 32. Qd3+ Kh8 33. Rxa3 Qg4 34. Ra1 Re7 35. Re1 Rc7 36. Re8# 1-0


[Site "https://www.chess.com"]

[Event "Titled Tuesday Blitz February 07 Late 2023"]
[White "Cardoso Cardoso, Jose Gabriel"]
[Black "Rottenwohrer Suarez, Juan"]
[WhiteFideId "4430492"]
[BlackFideId "32068182"]
[WhiteElo "2492"]
[BlackElo "2265"]
[Result "0-1"]
[Round "02"]
[TimeControl "180+2"]
[Date "2023.02.07"]
[WhiteClock "0:01:11"]
[BlackClock "0:00:09"]

1. c4 Nf6 2. Nc3 g6 3. e4 c5 4. Nf3 Nc6 5. d4 cxd4 6. Nxd4 Bg7 7. Be2 Nxe4 8. Nxc6 Nxc3 9. Nxd8 Nxd1 10. Nxf7 Nxf2 11. Nd6+ exd6 12. Kxf2 O-O+ 13. Bf3 b6 14. Rd1 Bb7 15. Rxd6 Bxf3 16. gxf3 Rac8 17. Rxd7 Rxc4 18. Rxa7 Rc2+ 19. Kg3 Be5+ 20. f4 Rxc1 21. Rxc1 Bxf4+ 22. Kg2 Bxc1 23. b3 Be3 24. Kg3 Rf7 25. Ra8+ Kg7 26. Re8 Bc5 27. h4 h5 28. Re6 Re7 29. Rc6 Re2 30. b4 Bxb4 31. Rxb6 Be7 32. Rb7 Kf7 33. a4 Ra2 34. Ra7 Kf6 35. Ra6+ Kf5 36. Ra5+ Ke4 37. Ra6 Kf5 38. Ra5+ Kf6 39. Ra6+ Kf7 40. Ra7 Ra3+ 41. Kf4 Rb3 42. a5 Rb4+ 43. Kg3 Rg4+ 44. Kf3 Rxh4 45. Rb7 Ra4 46. Rb5 h4 47. Kg2 Ra2+ 48. Kh3 Ra3+ 49. Kg4 h3 50. Rb1 Rxa5 51. Kxh3 Ra3+ 52. Kg4 Ra4+ 53. Kg3 Bf6 54. Rb7+ Ke6 55. Rb5 Be5+ 56. Kh3 Kf5 57. Rb3 Bf4 58. Rb5+ Be5 59. Rb3 Ra2 60. Rf3+ Bf4 0-1


[Site "https://www.chess.com"]

[Event "Titled Tuesday Blitz February 07 Late 2023"]
[White "Bjelobrk, Igor"]
[Black "Mindhunter247"]
[WhiteFideId "4300726"]
[WhiteElo "2403"]
[BlackElo "2378"]
[Result "1-0"]
[Round "02"]
[TimeControl "180+2"]
[Date "2023.02.07"]
[WhiteClock "0:00:57"]
[BlackClock "0:01:31"]

1. d4 d5 2. c4 c6 3. cxd5 cxd5 4. Nf3 Nc6 5. Nc3 Nf6 6. Bf4 a6 7. Rc1 g6 8. e3 Bg7 9. Be2 O-O 10. O-O Nh5 11. Bg5 h6 12. Bh4 g5 13. Bg3 Nxg3 14. hxg3 g4 15. Nh4 h5 16. Qb3 e5 17. dxe5 d4 18. Rfd1 Bxe5 19. Nd5 Be6 20. e4 Rb8 21. Nf5 Qg5 22. Qd3 Rfd8 23. Rc5 Bxd5 24. exd5 Nb4 25. Qe4 Re8 26. d6 Bxd6 27. Nxd6 Qxc5 28. Nxe8 1-0


[Site "https://www.chess.com"]

[Event "Titled Tuesday Blitz February 07 Late 2023"]
[White "Prieto Aranguren, Alain"]
[Black "Preotu, Razvan"]
[WhiteFideId "2268906"]
[BlackFideId "2613280"]
[WhiteElo "2258"]
[BlackElo "2475"]
[Result "0-1"]
[Round "02"]
[TimeControl "180+2"]
[Date "2023.02.07"]
[WhiteClock "0:02:11"]
[BlackClock "0:01:38"]

1. d4 Nf6 2. c4 g6 3. Nc3 d5 4. Nf3 Bg7 5. Qb3 dxc4 6. Qxc4 O-O 7. e4 a6 8. e5 b5 9. Qb3 Nfd7 10. e6 fxe6 11. Be3 Nf6 12. a4 b4 13. Qxb4 Nc6 14. Qa3 Rb8 15. Bc4 Qd6 16. O-O Ng4 17. Ne4 Qxa3 18. bxa3 Nxe3 19. fxe3 Bh6 20. Neg5 Nd8 21. Rab1 Rxb1 22. Rxb1 Bb7 23. Kf2 Bxg5 0-1


[Site "https://www.chess.com"]

[Event "Titled Tuesday Blitz February 07 Late 2023"]
[White "Jaracz, Pawel"]
[Black "Fernandez Siles, Luis"]
[WhiteFideId "1102222"]
[BlackFideId "2209420"]
[WhiteElo "2467"]
[BlackElo "2218"]
[Result "0-1"]
[Round "02"]
[TimeControl "180+2"]
[Date "2023.02.07"]
[WhiteClock "0:00:02"]
[BlackClock "0:00:09"]

1. d4 Nf6 2. Nd2 d5 3. Ndf3 g6 4. Ne5 Bg7 5. Ngf3 O-O 6. Bf4 c5 7. e3 Nc6 8. c3 cxd4 9. exd4 Nd7 10. h4 Ndxe5 11. dxe5 Bg4 12. Be2 Bxf3 13. Bxf3 e6 14. Qe2 Qc7 15. O-O-O Bxe5 16. Bh6 Bf4+ 17. Bxf4 Qxf4+ 18. Kb1 h5 19. g3 Qf6 20. g4 Ne5 21. Rh3 hxg4 22. Bxg4 Nxg4 23. Qxg4 Qf5+ 24. Qxf5 gxf5 25. c4 dxc4 26. Rd7 Rab8 27. Rg3+ Kh7 28. Kc2 a6 29. Kc3 b5 30. Re3 Kg6 31. Kb4 Rh8 32. Rh3 Ra8 33. Ka5 Kf6 34. h5 Rh6 35. f4 Rc8 36. Kb6 b4 37. Kb7 Rc5 38. Kb6 Rb5+ 39. Kxa6 Rd5 40. Rc7 Rd4 41. Rh4 Re4 42. Kb5 e5 43. Rc6+ Kg7 44. Rxc4 exf4 45. Rxe4 fxe4 46. Rxf4 Rxh5+ 47. Kxb4 f5 48. a4 Kf6 49. a5 Ke5 50. Rf1 f4 51. a6 e3 52. Ra1 f3 53. Ra5+ Kf4 54. Rxh5 e2 55. Rh1 f2 56. a7 e1=Q+ 57. Rxe1 fxe1=Q+ 58. Kb5 Qe5+ 59. Ka6 Qd5 60. b4 Qc6+ 61. Ka5 Qb7 0-1


[Site "https://www.chess.com"]

[Event "Titled Tuesday Blitz February 07 Late 2023"]
[White "Gatterer, Florian"]
[Black "Gutenev, Alexander"]
[WhiteFideId "811688"]
[BlackFideId "4195540"]
[WhiteElo "2170"]
[BlackElo "2455"]
[Result "1/2-1/2"]
[Round "02"]
[TimeControl "180+2"]
[Date "2023.02.07"]
[WhiteClock "0:00:17"]
[BlackClock "0:01:06"]

1. e4 c5 2. d4 cxd4 3. c3 Nf6 4. e5 Nd5 5. Nf3 Nc6 6. cxd4 g6 7. Bc4 Nb6 8. Bb3 Bg7 9. O-O O-O 10. Nc3 d6 11. exd6 Bg4 12. dxe7 Qxe7 13. Be3 Rad8 14. Re1 Qf6 15. Ne4 Qf5 16. Ng3 Qa5 17. h3 Bxf3 18. Qxf3 Nxd4 19. Bxd4 Bxd4 20. Qxb7 Bxb2 21. Rad1 Bd4 22. Qf3 Kg7 23. Qg4 Qc5 24. Rxd4 Rxd4 25. Nf5+ Qxf5 26. Qxd4+ Qf6 27. Qxf6+ Kxf6 28. Rc1 Rd8 29. Rc6+ Ke7 30. Rc7+ Rd7 31. Rc6 h5 32. h4 f6 33. Re6+ Kf8 34. Rxf6+ Kg7 35. Rc6 Rd4 36. g3 Rb4 37. Rc7+ Kf6 38. Rxa7 Nc8 39. Ra6+ Kg7 40. Rc6 Ne7 41. Rc7 Kf6 42. Kg2 Rb6 43. Rc3 Nf5 44. Rf3 Ke5 45. Rd3 Nd4 46. Re3+ Kf6 47. Rd3 Ke5 48. Re3+ Kf6 49. Rd3 Nf5 50. Rf3 Kg7 51. Rd3 Rb7 52. Rd5 Rc7 53. Rd3 Re7 54. Rd5 Re2 55. Rd7+ Kf6 56. Kf3 Rb2 57. Rb7 Ke5 58. Rb5+ Kf6 59. Rb6+ Kg7 60. Rb7+ Kf6 61. Rb6+ Kg7 62. Rb7+ Kf6 63. Rb6+ 1/2-1/2


[Site "https://www.chess.com"]

[Event "Titled Tuesday Blitz February 07 Late 2023"]
[White "Mgeladze, Tamaz"]
[Black "Freile Martin, Javier"]
[WhiteFideId "13601202"]
[BlackFideId "3600165"]
[WhiteElo "2388"]
[BlackElo "2329"]
[Result "1-0"]
[Round "02"]
[TimeControl "180+2"]
[Date "2023.02.07"]
[WhiteClock "0:00:26"]
[BlackClock "0:00:02"]

1. c4 e5 2. g3 Bc5 3. Nc3 Nc6 4. Bg2 Nge7 5. Nf3 a6 6. O-O Nf5 7. e3 O-O 8. Nd5 d6 9. b3 Re8 10. Bb2 Nce7 11. Nxe7+ Qxe7 12. d4 exd4 13. Nxd4 Bxd4 14. Bxd4 Nxd4 15. Qxd4 Rb8 16. Rac1 b6 17. Rfd1 Bd7 18. b4 a5 19. a3 axb4 20. axb4 Be6 21. c5 dxc5 22. bxc5 Red8 23. Qe5 Rxd1+ 24. Rxd1 bxc5 25. h4 c4 26. Be4 g6 27. h5 Rd8 28. Rxd8+ Qxd8 29. h6 Qf8 30. Qf4 Qd6 31. Qf6 Qf8 32. Qf4 c3 33. g4 Qd8 34. Qe5 Qf8 35. g5 c2 36. Bxc2 c6 37. Be4 Bd7 38. Qf6 c5 39. Bd5 Be8 40. f4 Bb5 41. Kf2 c4 42. Kg3 Be8 43. Bxc4 Ba4 44. Bd5 Bc2 45. e4 Bd1 46. Kh4 Ba4 47. f5 gxf5 48. exf5 Bc2 49. Bc4 Bb1 50. Kh3 Be4 51. Kg3 Bb1 52. Bd5 Bc2 53. Kf3 Bb1 54. Qd4 Bc2 55. Kg4 Bb1 56. Qc4 1-0


[Site "https://www.chess.com"]

[Event "Titled Tuesday Blitz February 07 Late 2023"]
[White "Lucassen, Mickey"]
[Black "Papasimakopoulos, Alexandros"]
[WhiteFideId "12919110"]
[BlackFideId "4244125"]
[WhiteElo "2023"]
[BlackElo "2401"]
[Result "0-1"]
[Round "02"]
[TimeControl "180+2"]
[Date "2023.02.07"]
[WhiteClock "0:00:07"]
[BlackClock "0:01:56"]

1. d4 e6 2. Nf3 Nf6 3. c4 Bb4+ 4. Bd2 Qe7 5. a3 Bxd2+ 6. Qxd2 O-O 7. Nc3 d5 8. e3 Rd8 9. cxd5 exd5 10. Bd3 c6 11. O-O Nbd7 12. Rac1 Re8 13. Rfd1 Nf8 14. Ne5 Ng6 15. f4 Nd7 16. Re1 Ndf8 17. Qf2 f6 18. Nxg6 hxg6 19. Qh4 Bf5 20. Bxf5 gxf5 21. Qh3 g6 22. Qf3 Qd6 23. Na4 Nd7 24. Nc5 Nxc5 25. Rxc5 Re4 26. g4 fxg4 27. Qxg4 f5 28. Qg3 Rae8 29. Kf2 Kg7 30. h4 Qe6 31. Rcc1 Rh8 32. Re2 Qf6 33. Rh1 Rh5 34. Kf3 Re8 35. Reh2 Qe7 36. Ke2 Qe4 37. Kd2 c5 38. dxc5 d4 39. exd4 Qxd4+ 40. Kc1 Qxc5+ 41. Kb1 Qe3 42. Qxe3 Rxe3 43. Rd1 Re7 44. Rd6 Kh7 45. Rg2 Rg7 46. Rh2 b6 47. b4 Re7 48. Kb2 Kg7 49. Rg2 Rh6 50. h5 Re4 51. Rgxg6+ Rxg6 52. Rxg6+ Kh7 53. Rf6 Rxf4 54. Rf7+ Kh6 55. Rxa7 Re4 56. Rb7 Re6 57. Rf7 Kg5 58. h6 Rxh6 59. a4 f4 60. Kc3 Rc6+ 61. Kd4 Kg4 62. Kd5 Rc1 63. a5 bxa5 64. bxa5 Ra1 65. Rg7+ Kf3 66. Ra7 Ke2 67. Kc5 f3 68. Kb6 Rb1+ 69. Ka6 f2 70. Rf7 f1=Q 71. Rxf1 Rxf1 72. Ka7 Kd3 73. a6 Kc4 74. Kb8 Rf8+ 75. Kb7 Rf7+ 76. Kb6 Rf6+ 77. Kb7 Kb5 78. a7 Rf7+ 79. Kb8 Kb6 80. a8=Q Rf8# 0-1


[Site "https://www.chess.com"]

[Event "Titled Tuesday Blitz February 07 Late 2023"]
[White "Bazeev, German"]
[Black "Rizzo, Tobias"]
[WhiteFideId "24119350"]
[BlackFideId "30942691"]
[WhiteElo "2369"]
[BlackElo "1867"]
[Result "1-0"]
[Round "02"]
[TimeControl "180+2"]
[Date "2023.02.07"]
[WhiteClock "0:01:03"]
[BlackClock "0:00:02"]

1. b4 Nf6 2. Bb2 g6 3. g4 h6 4. h4 Bg7 5. Bg2 d5 6. g5 hxg5 7. hxg5 Rxh1 8. Bxh1 Nh5 9. Bxg7 Nxg7 10. d3 e5 11. Qd2 c6 12. e4 Ne6 13. Nf3 f6 14. exd5 cxd5 15. Nc3 Nf4 16. O-O-O Be6 17. Re1 Nd7 18. Nd4 exd4 19. Qxf4 dxc3 20. Rxe6+ Kf7 21. Bxd5 f5 22. Qh4 Qh8 23. Re8+ Kxe8 24. Qxh8+ Nf8 25. Qxc3 Rd8 26. Bxb7 Ne6 27. Qf6 Nf8 28. a3 Rd6 29. Qxd6 1-0


[Site "https://www.chess.com"]

[Event "Titled Tuesday Blitz February 07 Late 2023"]
[White "Rostomyan, Mikayel"]
[Black "Jorajuria Mendoza, Algol"]
[WhiteFideId "13313754"]
[BlackFideId "5128897"]
[WhiteElo "2222"]
[BlackElo "2069"]
[Result "0-1"]
[Round "02"]
[TimeControl "180+2"]
[Date "2023.02.07"]
[WhiteClock "0:00:23"]
[BlackClock "0:00:42"]

1. d4 d5 2. Nf3 Nf6 3. b3 c5 4. Bb2 e6 5. e3 Nc6 6. Be2 b6 7. O-O Bb7 8. c4 dxc4 9. bxc4 cxd4 10. exd4 Be7 11. Nbd2 O-O 12. Nb3 Rc8 13. Rc1 Nh5 14. g3 Nf6 15. a3 Qd6 16. c5 Qd7 17. Bb5 a6 18. Ne5 Qd5 19. Bxc6 Rxc6 20. Nxc6 Bxc6 21. f3 Ng4 22. Qd3 bxc5 23. Nxc5 Ne5 24. Qe4 Bxc5 25. Qxd5 Bxd5 26. dxc5 Nxf3+ 27. Kf2 Rb8 28. Rc2 Nxh2 29. Be5 Ng4+ 30. Ke2 Nxe5 31. Rf4 Nc6 32. Ra4 Bb3 0-1


[Site "https://www.chess.com"]

[Event "Titled Tuesday Blitz February 07 Late 2023"]
[White "Gonzalez, Francisco Silva"]
[Black "Vlassov, Nikolai"]
[WhiteFideId "1512285"]
[BlackFideId "4103360"]
[WhiteElo "2021"]
[BlackElo "2283"]
[Result "0-1"]
[Round "02"]
[TimeControl "180+2"]
[Date "2023.02.07"]
[WhiteClock "0:01:05"]
[BlackClock "0:01:34"]

1. d4 Nf6 2. c3 Nc6 3. Bf4 e5 4. Bxe5 Nxe5 5. dxe5 Ng4 6. f4 d6 7. exd6 Bxd6 8. g3 h5 9. Nf3 h4 10. Rg1 hxg3 11. hxg3 Qe7 12. Qd3 Ne3 13. Qb5+ c6 14. Qa4 b5 15. Qd1 Nxd1 16. Kxd1 Bf5 17. Nbd2 O-O-O 18. Nd4 Bd7 19. Bg2 c5 20. Nc6 Bxc6 21. Bxc6 Qe3 22. Nc4 Qxg1+ 23. Kc2 Qxa1 24. Bxb5 Qxa2 25. Nb6+ axb6 26. Bc4 Qxc4 0-1


[Site "https://www.chess.com"]

[Event "Titled Tuesday Blitz February 07 Late 2023"]
[White "Averjanov, Alexey"]
[Black "Kalajzic, Ivan"]
[WhiteFideId "14109867"]
[BlackFideId "14506378"]
[WhiteElo "2399"]
[BlackElo "2062"]
[Result "1/2-1/2"]
[Round "02"]
[TimeControl "180+2"]
[Date "2023.02.07"]
[WhiteClock "0:01:36"]
[BlackClock "0:00:15"]

1. d4 Nc6 2. d5 Ne5 3. e4 e6 4. Nc3 Bc5 5. Nf3 Ng4 6. Nd4 Nxf2 7. Kxf2 Qf6+ 8. Qf3 Bxd4+ 9. Be3 Bxe3+ 10. Kxe3 Qxf3+ 11. gxf3 a6 12. Rg1 g6 13. Bc4 Nf6 14. Rad1 exd5 15. Bxd5 c6 16. Bb3 Ke7 17. e5 Nh5 18. Ne4 Ng7 19. Nd6 Nf5+ 20. Nxf5+ gxf5 21. Rg7 Rf8 22. Rd6 b5 23. Rxh7 a5 24. a3 a4 25. Ba2 b4 26. h4 bxa3 27. bxa3 Ra5 28. f4 Rc5 29. Kd2 Ba6 30. h5 Bc4 31. Bxc4 Rxc4 32. h6 Rxf4 33. Rg7 Rh4 34. h7 Rh8 35. Rf6 Rh2+ 36. Ke3 f4+ 37. Kxf4 Rf2+ 38. Kg5 Rg2+ 39. Kh6 Rh2+ 40. Kg5 Rg2+ 41. Kh6 Rh2+ 42. Kg5 Rg2+ 1/2-1/2


[Site "https://www.chess.com"]

[Event "Titled Tuesday Blitz February 07 Late 2023"]
[White "Jarocka, Liwia"]
[Black "Janaszak, Dawid"]
[WhiteFideId "21807558"]
[BlackFideId "1119206"]
[WhiteElo "2225"]
[BlackElo "2316"]
[Result "0-1"]
[Round "02"]
[TimeControl "180+2"]
[Date "2023.02.07"]
[WhiteClock "0:01:37"]
[BlackClock "0:02:03"]

1. d4 d5 2. c4 e6 3. Nf3 c5 4. e3 Nf6 5. dxc5 Bxc5 6. Nc3 Nc6 7. cxd5 exd5 8. Bb5 O-O 9. O-O Bg4 10. Bxc6 bxc6 11. b3 Qe7 12. h3 Bh5 13. Bb2 Ne4 14. Rc1 f5 15. Qe2 Bd6 16. Na4 Rac8 17. Qa6 Bxf3 18. gxf3 Qg5+ 19. Kh1 Qh5 20. Kg2 Ng5 21. Rh1 Qxf3+ 22. Kg1 Nxh3+ 23. Rxh3 Qxh3 24. Qb7 Bh2+ 25. Kh1 Bg3+ 0-1


[Site "https://www.chess.com"]

[Event "Titled Tuesday Blitz February 07 Late 2023"]
[White "Li, Hui"]
[Black "Zarnicki, Pablo"]
[WhiteFideId "15400310"]
[BlackFideId "100137"]
[WhiteElo "1963"]
[BlackElo "2514"]
[Result "1/2-1/2"]
[Round "02"]
[TimeControl "180+2"]
[Date "2023.02.07"]
[WhiteClock "0:00:04"]
[BlackClock "0:00:15"]

1. e4 c5 2. Nf3 e6 3. d4 cxd4 4. Nxd4 Nf6 5. Nc3 Nc6 6. Ndb5 Bb4 7. a3 Bxc3+ 8. Nxc3 d5 9. exd5 exd5 10. Bd3 O-O 11. O-O d4 12. Ne2 Bg4 13. f3 Bh5 14. Bg5 Re8 15. Bh4 Rc8 16. Qd2 Qd6 17. Bf2 Red8 18. Rad1 a6 19. Bf5 Ra8 20. Nxd4 Qc7 21. Qc3 Nd5 22. Qc5 Bg6 23. Bxg6 hxg6 24. Nxc6 bxc6 25. c4 Nf4 26. Rfe1 Nd3 27. Qb6 Qc8 28. Rf1 Rb8 29. Qe3 Nxb2 30. Rxd8+ Qxd8 31. h3 Nxc4 32. Qc5 Qd5 33. Qa7 Rb2 34. Qxa6 Kh7 35. Qc8 Qd2 36. Qg4 g5 37. Qf5+ Kg8 38. Qc8+ Kh7 39. Qf5+ g6 40. Qxf7+ Kh6 41. Qf8+ Kh7 42. Qf7+ Kh8 43. Qf8+ Kh7 44. Qf7+ 1/2-1/2


[Site "https://www.chess.com"]

[Event "Titled Tuesday Blitz February 07 Late 2023"]
[White "Tarhan, Adar"]
[Black "Altun, Arda"]
[WhiteFideId "34544712"]
[BlackFideId "34511580"]
[WhiteElo "2314"]
[BlackElo "2218"]
[Result "1-0"]
[Round "02"]
[TimeControl "180+2"]
[Date "2023.02.07"]
[WhiteClock "0:02:11"]
[BlackClock "0:00:56"]

1. d4 d5 2. Nc3 Nf6 3. Bf4 Bf5 4. e3 e6 5. Nb5 Na6 6. c4 c6 7. Nc3 Bd6 8. Bxd6 Qxd6 9. c5 Qb8 10. Bxa6 bxa6 11. Qb3 O-O 12. Nge2 Qc7 13. Qa3 a5 14. b3 Ne4 15. Nxe4 Bxe4 16. O-O Rfb8 17. Ng3 Bd3 18. Rfd1 Bg6 19. Ne2 Rb4 20. Nc3 Rab8 21. Qc1 Qb7 22. Rd2 f6 23. Qd1 h6 24. Qg4 Bf7 25. Qg3 Kh8 26. h3 Qe7 27. Rb2 a4 28. Nxa4 Rxa4 29. Qxb8+ 1-0


[Site "https://www.chess.com"]

[Event "Titled Tuesday Blitz February 07 Late 2023"]
[White "Gerbelli Neto, Eduardo"]
[Black "Saveliev, Alexei"]
[WhiteFideId "2103281"]
[BlackFideId "24128546"]
[WhiteElo "2114"]
[BlackElo "2385"]
[Result "0-1"]
[Round "02"]
[TimeControl "180+2"]
[Date "2023.02.07"]
[WhiteClock "0:00:12"]
[BlackClock "0:01:22"]

1. e4 c5 2. Nc3 d6 3. f4 g6 4. Nf3 Bg7 5. Bb5+ Bd7 6. Bc4 Nc6 7. O-O e6 8. Qe1 a6 9. d3 b5 10. Bb3 Nge7 11. Qh4 Nd4 12. Nxd4 cxd4 13. Ne2 Nc6 14. Qg3 Qc7 15. f5 Be5 16. Bf4 exf5 17. exf5 Bxf5 18. Bxe5 dxe5 19. c3 O-O-O 20. cxd4 exd4 21. Qxc7+ Kxc7 22. Nf4 Rd7 23. Rac1 Kd6 24. Nd5 Ne5 25. Nf6 Rc7 26. Ne4+ Kd7 27. Nc5+ Kd6 28. Nxa6 Rxc1 29. Rxc1 Bxd3 30. Nb4 Bc4 31. Bd1 Nd3 32. Nxd3 Bxd3 33. Bb3 Bc4 34. Bxc4 Rc8 35. b3 bxc4 36. bxc4 Kc5 37. Kf2 Ra8 38. Rc2 d3 39. Rd2 Kxc4 40. Ke3 Re8+ 41. Kf3 Kc3 42. Rd1 d2 0-1


[Site "https://www.chess.com"]

[Event "Titled Tuesday Blitz February 07 Late 2023"]
[White "Chor, Kevin"]
[Black "Hoffmann, Asa"]
[WhiteFideId "2090740"]
[BlackFideId "2001470"]
[WhiteElo "1944"]
[BlackElo "2185"]
[Result "1/2-1/2"]
[Round "02"]
[TimeControl "180+2"]
[Date "2023.02.07"]
[WhiteClock "0:00:02"]
[BlackClock "0:00:31"]

1. e4 d6 2. d4 Nf6 3. Nc3 c6 4. f4 Qa5 5. Bd3 e5 6. fxe5 dxe5 7. dxe5 Ng4 8. Nf3 Bc5 9. Qe2 Bf2+ 10. Kf1 Bb6 11. Bd2 Qb4 12. a3 Qe7 13. Bg5 f6 14. exf6 gxf6 15. Bf4 Nf2 16. Rg1 Nxd3 17. Qxd3 Bxg1 18. Kxg1 Be6 19. Bd6 Qf7 20. e5 Nd7 21. Rf1 Qg6 22. Qe3 Rg8 23. Nh4 Qg5 24. Qxg5 fxg5 25. Nf3 O-O-O 26. Nd4 Bc4 27. Rf5 Rde8 28. Ne4 h6 29. Nf6 Nxf6 30. Rxf6 h5 31. b3 Bd5 32. c4 Be4 33. e6 Rg6 34. Rxg6 Bxg6 35. e7 Kd7 36. Bb4 b6 37. c5 Bf7 38. cxb6 axb6 39. Nf3 c5 40. Bd2 Rxe7 41. Bxg5 Re2 42. Bf6 Bxb3 43. Kf1 Ra2 44. Ne5+ Ke6 45. Bh8 Rxa3 46. Kf2 Ra2+ 47. Kg3 c4 48. Nf3 Kd5 49. Kh4 Bd1 50. Ne5 Rxg2 51. h3 b5 52. Nxc4 bxc4 53. Bd4 Kxd4 1/2-1/2


[Site "https://www.chess.com"]

[Event "Titled Tuesday Blitz February 07 Late 2023"]
[White "Abdyzhaparov, Aidar"]
[Black "Karas, Marek"]
[WhiteFideId "13800361"]
[BlackFideId "14928558"]
[WhiteElo "1978"]
[BlackElo "2227"]
[Result "0-1"]
[Round "02"]
[TimeControl "180+2"]
[Date "2023.02.07"]
[WhiteClock "0:00:35"]
[BlackClock "0:01:15"]

1. Nf3 Nc6 2. c4 e5 3. Nc3 Nf6 4. g3 Bc5 5. Nxe5 Bxf2+ 6. Kxf2 Nxe5 7. e4 c5 8. d4 cxd4 9. Qxd4 d6 10. Be2 O-O 11. Kg2 Qd7 12. Bg5 Qh3+ 13. Kg1 Nfg4 14. Rf1 h6 15. Bf4 Be6 16. Nd5 Bxd5 17. exd5 b6 18. Bxe5 Nxe5 19. Qh4 Qxh4 20. gxh4 Rac8 21. b3 b5 22. Rf4 bxc4 23. bxc4 Rb8 24. Kf2 Rb2 25. Re4 f5 26. Rxe5 dxe5 27. c5 f4 28. Kf1 e4 29. d6 Rb1+ 30. Kf2 Rxh1 31. Bc4+ Kh8 32. d7 Rxh2+ 33. Kg1 Rc2 0-1


[Site "https://www.chess.com"]

[Event "Titled Tuesday Blitz February 07 Late 2023"]
[White "Alfaro, William"]
[Black "Martinez Reyes, Pedro Ramon"]
[WhiteFideId "6100457"]
[BlackFideId "3901807"]
[WhiteElo "2134"]
[BlackElo "2376"]
[Result "0-1"]
[Round "02"]
[TimeControl "180+2"]
[Date "2023.02.07"]
[WhiteClock "0:00:58"]
[BlackClock "0:00:52"]

1. e4 Nf6 2. e5 Ng8 3. d4 d6 4. Nf3 Bg4 5. Be2 e6 6. Nc3 dxe5 7. Nxe5 Bxe2 8. Nxe2 Nd7 9. f4 c5 10. c3 Ngf6 11. O-O cxd4 12. Nxd4 Bc5 13. Kh1 O-O 14. Be3 Qb6 15. b4 Bxd4 16. Bxd4 Qc7 17. Qe2 Rfe8 18. Rae1 Rac8 19. Qf3 Nxe5 20. fxe5 Nd5 21. Re4 Red8 22. Rg4 Rd7 23. Qg3 g6 24. Rh4 Qc4 25. Re1 Nxc3 26. Qh3 h5 27. Bg1 Qd3 28. Re3 Qd2 29. Rg3 Ne2 30. Rgg4 Qe1 31. Rxg6+ fxg6 32. Qxe6+ Rf7 33. Qxg6+ Kf8 34. Qh6+ Ke8 35. Qh8+ Ke7 0-1


[Site "https://www.chess.com"]

[Event "Titled Tuesday Blitz February 07 Late 2023"]
[White "Rian, Kapriaga"]
[Black "Veiga, Jose Francisco R P Neves"]
[WhiteFideId "7103263"]
[BlackFideId "1930087"]
[WhiteElo "2089"]
[BlackElo "2406"]
[Result "0-1"]
[Round "02"]
[TimeControl "180+2"]
[Date "2023.02.07"]
[WhiteClock "0:00:04"]
[BlackClock "0:01:32"]

1. d4 Nf6 2. Nf3 b6 3. Bf4 Bb7 4. e3 d6 5. Be2 g6 6. O-O Bg7 7. h3 O-O 8. Bh2 Nbd7 9. c4 Ne4 10. Nfd2 c5 11. Nxe4 Bxe4 12. Nc3 Bb7 13. a3 cxd4 14. exd4 Rc8 15. Rc1 a6 16. Re1 e5 17. dxe5 Nxe5 18. Nd5 b5 19. b3 Re8 20. Bf1 bxc4 21. bxc4 Qa5 22. Bxe5 Bxe5 23. f4 Bb2 24. Rb1 Rxe1 25. Qxe1 Qxe1 26. Rxe1 Bxd5 27. cxd5 Bxa3 28. Bxa6 Rc2 29. Re2 Bc5+ 30. Kh2 Rc1 31. Bb5 h5 32. h4 Kg7 33. Bd7 Kf6 34. Rd2 Be3 35. Re2 Bxf4+ 36. g3 Be5 37. Rf2+ Kg7 38. Be8 f5 39. Re2 Rc3 40. Rg2 Kf6 41. Bc6 g5 42. hxg5+ Kxg5 43. Kg1 Bxg3 44. Kf1 h4 45. Ke2 h3 46. Rg1 h2 47. Rh1 f4 48. Bd7 Re3+ 49. Kd2 Re5 50. Be6 f3 51. Rf1 Kf4 0-1


[Site "https://www.chess.com"]

[Event "Titled Tuesday Blitz February 07 Late 2023"]
[White "ArchibaldCerveza29"]
[Black "Lacasa Diaz, Jose Antonio"]
[BlackFideId "2203375"]
[WhiteElo "2520"]
[BlackElo "2359"]
[Result "1-0"]
[Round "02"]
[TimeControl "180+2"]
[Date "2023.02.07"]
[WhiteClock "0:00:17"]
[BlackClock "0:00:15"]

1. e4 c5 2. Nf3 d6 3. d4 cxd4 4. Nxd4 Nf6 5. Nc3 g6 6. f3 Bg7 7. Be3 O-O 8. Qd2 Nc6 9. O-O-O d5 10. Nxc6 bxc6 11. Qe1 e5 12. Bc4 Be6 13. Bb3 Qe7 14. exd5 Nxd5 15. Nxd5 cxd5 16. Bxd5 Bxd5 17. Rxd5 e4 18. Bd4 Bxd4 19. Rxd4 Qg5+ 20. Qd2 e3 21. Qe2 Rfe8 22. Rd3 Rab8 23. c3 Qa5 24. Kb1 Re6 25. Rxe3 Ra6 26. b3 Rxb3+ 27. axb3 Qa1+ 28. Kc2 Qa2+ 29. Kd3 Rd6+ 30. Ke4 Qxb3 31. Kf4 Rf6+ 32. Kg3 Qb8+ 33. Kh3 Kg7 34. Re1 Qf4 35. Re4 Qg5 36. Rg4 Qh5+ 37. Kg3 Qf5 38. Qe5 Qc2 39. Rf4 1-0


[Site "https://www.chess.com"]